 Dungeon Crawl Stone Soup version 0.28-a0-794-gafe8c5f9e9 (webtiles) character file.

Game seed: 10601046105555260846

78 ryw the Ruffian (level 4, -2/44 HPs)
             Began as a Troll Cinder Acolyte on Nov 5, 2021.
             Was a High Priest of Ignis.
             Slain by a white imp (3 damage)
             ... on level 3 of the Dungeon.
             The game lasted 00:05:03 (1657 turns).

ryw the Ruffian (Troll Cinder Acolyte)              Turns: 1657, Time: 00:05:04

Health: -2/44      AC:  5    Str: 23    XL:     4   Next: 15%
Magic:  4/4        EV:  9    Int: 10    God:    Ignis [*****.]
Gold:   110        SH:  0    Dex:  5    Spells: 5/5 levels left

rFire   + . .      SeeInvis .     - Unarmed
rCold   . . .      Faith    .   (no shield)
rNeg    . . .      Spirit   .   a - +0 robe
rPois   .          Reflect  .   (helmet restricted)
rElec   .          Harm     .   n - +0 cloak
rCorr   .          Rampage  .   (gloves unavailable)
Will    .....                   (boots unavailable)
Stlth   +.........              j - amulet of the acrobat
HPRegen 1.14/turn               (no ring)
MPRegen 0.09/turn               (no ring)

@: mighty
A: large, unfitting armour, claws 3, regeneration 1, shaggy fur 1, tough skin 1
a: Renounce Religion, Sea of Fire, Foxfire Swarm, Rising Flame


You were on level 3 of the Dungeon.
You worshipped Ignis.
Ignis was extremely pleased with you.
You visited 1 branch of the dungeon, and saw 3 of its levels.

You collected 110 gold pieces.

Inventory:

Missiles
 d - 21 poisoned darts (quivered)
Armour
 a - a +0 robe (worn)
 n - a +0 cloak (worn)
Jewellery
 j - an amulet of the acrobat (around neck)
Scrolls
 e - a scroll of amnesia {unknown}
 h - a scroll of vulnerability {unknown}
 i - a scroll of noise {unknown}
 k - a scroll of acquirement {unknown}
 m - a scroll of enchant armour {unknown}
 o - 2 scrolls of identify {unknown}
 p - a scroll of teleportation {unknown}
Potions
 c - a potion of magic {unknown}
 f - a potion of invisibility {unknown}
 g - a potion of degeneration {unknown}
 l - a potion of curing {unknown}


   Skills:
 + Level 2.6 Fighting
 + Level 1.0 Armour
 + Level 1.1 Dodging
 * Level 3.6 Unarmed Combat
 - Level 1.2 Spellcasting
 - Level 2.4 Fire Magic


You had 5 spell levels left.
You didn't know any spells.
Your spell library contained the following spells:

 Spells                   Type           Power      Damage    Failure   Level
 Scorch                   Fire           10%        2d5       19%         2
 Foxfire                  Conj/Fire      12%        2x1d4     21%         1
 Freeze                   Ice            0%         1d3       34%         1
 Frozen Ramparts          Ice            0%         1d2       71%         3
 Ozocubu's Armour         Ice            0%         N/A       71%         3
 Hailstorm                Conj/Ice       0%         3d3       98%         4
 Ozocubu's Refrigeration  Ice            0%         4d5       100%        7


Dungeon Overview and Level Annotations

Branches:
Dungeon (3/15)

Altars:


Innate Abilities, Weirdness & Mutations

You are too large for most types of armour.
You have claws for hands.
Your natural rate of healing is unusually fast.
You are covered in fur. (AC +1)
You have tough skin. (AC +1)


Message History

You scratch the white imp but do no damage.
The endoplasm closely misses you. The white imp gestures at you.
The puff of frost hits you!
You scratch the white imp but do no damage.
The endoplasm completely misses you. The white imp closely misses you.
You barely miss the white imp. The endoplasm freezes you.
You are frozen.
The white imp gestures at you. The puff of frost hits you.
You are too injured to fight recklessly!
You are too injured to fight recklessly!
You scratch the endoplasm.
The endoplasm is severely wounded.
The endoplasm freezes you.
You are frozen.
You claw the endoplasm!
You kill the endoplasm!
The white imp gestures at you. The puff of frost hits you.
Your Armour skill increases to level 1!
The white imp gestures at you. The puff of frost misses you.
You closely miss the white imp. You barely miss the white imp.
The white imp gestures at you. The puff of frost hits you.
* * * LOW HITPOINT WARNING * * *
You barely miss the white imp. The white imp gestures at you.
The puff of frost hits you!
* * * LOW HITPOINT WARNING * * *
Okay, then.
It was a potion of might.
You feel very mighty all of a sudden. The white imp hits you.
* * * LOW HITPOINT WARNING * * *
The white imp freezes you.
You die...

#.#### #.)).##
..##..##########
...............#
......^..^^....#
.#P#.#P_.#.#.#.#
.#.#P#####.#.#.#
..#.#...PP#.#..#######
...#.#####P#P..5@....+
#.. ..#.....###### #.
###.....## ......####
....### .... ... #


You could see a white imp.

Vanquished Creatures
  4 gnolls (D:2)
  An adder (D:2)
  A worm (D:2)
  An orc (D:3)
  4 endoplasms
  4 goblins
  A hobgoblin (D:2)
  3 jackals (D:1)
  A kobold (D:1)
  A quokka (D:2)
  A ball python (D:2)
  A bat (D:2)
  2 frilled lizards
  3 rats (D:2)
28 creatures vanquished.

Notes
Turn   | Place    | Note
-------+----------+-------------------------------------------
     0 | D:1      | ryw the Troll Cinder Acolyte began the quest for the Orb.
     0 | D:1      | Reached XP level 1. HP: 22/22 MP: 1/1
   906 | D:1      | Reached XP level 2. HP: 29/29 MP: 2/2
  1300 | D:2      | Reached XP level 3. HP: 34/36 MP: 3/3
  1308 | D:2      | Reached skill level 1 in Dodging
  1310 | D:2      | Reached XP level 4. HP: 44/44 MP: 4/4
  1613 | D:3      | Found a faded altar of an unknown god.
  1626 | D:3      | Got Plato's Handbook of Combat Magic
  1653 | D:3      | Reached skill level 1 in Armour
  1657 | D:3      | HP: 1/44 [white imp (3)]
  1657 | D:3      | Slain by a white imp

Illustrated notes

Levels and vault maps discovered:
D:1:      heliophobic_arrival_enchanted_forest, layout_basic
D:2:      layout_basic, minmay_misc_feat_enclosed
D:3:      kennysheep_slugbush, layout_basic,
          shapermc_ecumenical_altar_rom_forum, hangedman_decor_diamond_cutter,
          minmay_misc_feat_tower, uniq_grinder

Skill      XL: |  1  2  3  4 |
---------------+-------------+-----
Dodging        | 1 |  1.1
Armour         | 1 |  1.0
Fighting       | |  2.6
Unarmed Combat | |  3.6
Spellcasting   | |  1.2
Fire Magic     | |  2.4

Action                   |  1- 3 |  4- 6 || total
-------------------------+-------+-------++-------
Melee: Unarmed           |    52 |    40 ||    92
       Punch             |       |     1 ||     1
  Use: Potion            |       |     1 ||     1
 Stab: Sleeping          |     1 |       ||     1
Armor: Robe              |    15 |    11 ||    26
Dodge: Dodged            |    22 |    18 ||    40

Table legend: (Time is in decaauts)
 A = Elapsed time spent in this place.
 B = Non-inter-level travel time spent in this place.
 C = Inter-level travel time spent in this place.
 D = Time resting spent in this place.
 E = Time spent auto-exploring this place.
 F = Levels seen in this place.
 G = Mean time per level.
                   A        B        C        D        E       F      G
               +--------+--------+--------+--------+--------+-----+--------+
         Total |   1650 |   1598 |     52 |      0 |   1372 |   3 |  550.0 |
       Dungeon |   1650 |   1598 |     52 |      0 |   1372 |   3 |  550.0 |
               +--------+--------+--------+--------+--------+-----+--------+

Top non-repeatable levels by time:
     D:1: 1137 daAuts
     D:2: 412 daAuts
     D:3: 100 daAuts
